 Dungeon Crawl Stone Soup version 0.18.1-1-g2f07953 (webtiles) character file.

60 Steelers13 the Slasher (level 4, -3/37 HPs)
             Began as a Merfolk Berserker on June 4, 2016.
             Was a Believer of Trog.
             Killed by divine providence
             ... invoked by an orc priest
              (16 damage)
             ... on level 4 of the Dungeon.
             The game lasted 00:10:44 (2302 turns).

Steelers13 the Slasher (Merfolk Berserker)          Turns: 2302, Time: 00:10:44

Health: -3/37      AC:  5    Str: 18    XL:     4   Next: 4%
Magic:  4/4        EV: 12    Int:  6    God:    Trog [**....]
Gold:   76         SH:  0    Dex: 13    Spells: 0 memorised, 3 levels left

rFire  . . .     SeeInvis .     a - +0 falchion
rCold  . . .     Gourm    .     t - +0 ring mail
rNeg   . . .     Faith    .     (no shield)
rPois  +         Spirit   .     (no helmet)
rElec  .         Dismiss  .     (no cloak)
rCorr  .         Reflect  .     (no gloves)
SustAt .         Harm     .     (no boots)
MR     .....                    (no amulet)
Stlth  +.........               p - ring of poison resistance
                                j - ring of poison resistance

@: not resistant to hostile enchantments, very unstealthy
A: change form in water, swift swim
a: Berserk, Trog's Hand, Burn Spellbooks, Renounce Religion


You were on level 4 of the Dungeon.
You worshipped Trog.
Trog was pleased with you.
You were very hungry.

You visited 1 branch of the dungeon, and saw 3 of its levels.

You collected 76 gold pieces.

Inventory:

Hand Weapons
 a - a +0 falchion (weapon)
 g - a +0 short sword
Armour
 b - a +0 animal skin
 t - a +0 ring mail (worn)
Jewellery
 j - a ring of poison resistance (left hand)
 p - a ring of poison resistance (right hand)
Wands
 o - a wand of slowing (18/48)
Scrolls
 d - 2 scrolls of teleportation {unknown}
 e - 2 scrolls of identify {unknown}
 f - 3 scrolls of remove curse {unknown}
 h - a scroll of immolation {unknown}
 l - a scroll of random uselessness {unknown}
 n - a scroll of enchant weapon {unknown}
 r - a scroll of magic mapping {unknown}
Potions
 i - 2 potions of curing {unknown}
 m - 2 potions of heal wounds {unknown}
 q - a potion of mutation {unknown}
 u - a potion of lignification {unknown}
Comestibles
 c - 2 bread rations
 k - 2 meat rations
 s - a slice of pizza
 v - 3 chunks of flesh


   Skills:
 + Level 3.8 Fighting
 + Level 4.3 Long Blades
 + Level 1.5 Armour
 + Level 3.3 Dodging
 + Level 0.5 Stealth


You had 3 spell levels left.
You didn't know any spells.

Dungeon Overview and Level Annotations

Branches:
Dungeon (2/15)

Altars:
Zin


Message History

You see here a jackal corpse.
You butcher the jackal corpse.
v - 3 chunks of flesh (gained 2)
You see here a jackal skeleton.
You hear the rusting of a distant drain.
k - 2 meat rations (gained 1)
You see here a jackal skeleton.
You see here a jackal skeleton.
An orc comes into view. It is wielding a falchion.
The orc shouts!
An orc priest comes into view. It is wielding a club.
The orc priest shouts!
Found a stone staircase leading down.
An orc comes into view. It is wielding a hand axe.
An orc priest comes into view. It is wielding a falchion.
The orc shouts!
The orc priest shouts!
The orc priest moves out of view.
The orc priest mumbles some strange prayers to Beogh against you.
Beogh smites you!
You die...

.................#
#..........#.##
#.............###...
#....รท..............
####...........####.#.
#..............##
##..####^####...###.#.
#..# ..... #.........
#..#.......#.@..##.#.
##..#...)...#.#.......
##...#..._...#.#...#..#
##..#.#.......#.
.o.....
......#.$.....#.
.....>. ......# #.
....... ......####^ #.
.o..... ........... ..
...oo.. .....###### ...
..


You could see 2 orc priests and 2 orcs.

Vanquished Creatures
  A hound zombie (D:4)
  An adder (D:2)
  An adder skeleton (D:4)
  A dart slug (D:1)
  A ball python (D:1)
  5 bats (D:1)
  2 giant cockroaches (D:1)
  5 goblins (D:1)
  3 hobgoblins (D:1)
  3 jackals (D:4)
  2 giant newts
  6 rats
31 creatures vanquished.

Notes
Turn   | Place    | Note
--------------------------------------------------------------
     0 | D:1      | Steelers13 the Merfolk Berserker began the quest for the Orb.
     0 | D:1      | Reached XP level 1. HP: 18/18 MP: 1/1
   164 | D:1      | Reached XP level 2. HP: 23/24 MP: 2/2
   794 | D:1      | Reached skill level 4 in Long Blades
   976 | D:1      | Reached XP level 3. HP: 24/29 MP: 3/3
  1204 | D:1      | Reached ** piety under Trog
  2074 | D:2      | You fall through a shaft for 2 floors!
  2220 | D:4      | Reached XP level 4. HP: 25/37 MP: 4/4
  2229 | D:4      | Found a glowing silver altar of Zin.
  2302 | D:4      | Killed from afar by an orc priest

Skill      XL: |  1  2 |
---------------+-------+-----
Long Blades    | 4 |  4.3
Dodging        | 3 |  3.3
Fighting       | |  3.8
Armour         | |  1.5
Stealth        | |  0.5

Action                   |  1- 3 |  4- 6 || total
-------------------------+-------+-------++-------
Melee: Falchion          |    97 |    14 ||   111
  Eat: Chunk             |     3 |       ||     3
Armor: Animal skin       |    11 |       ||    11
       Leather armour    |    19 |       ||    19
       Ring mail         |    13 |    23 ||    36
Dodge: Dodged            |    91 |    29 ||   120
